 Dungeon Crawl Stone Soup version 0.25.1-2-g60ff931df9 (webtiles) character file.

Game seed: 1308896519985184746

41 DogServant the Insei (level 3, -8/31 HPs)
             Began as a Naga Transmuter on Oct 17, 2020.
             Killed from afar by Sigmund (24 damage)
             ... with an exploding inner flame
             ... hexed by the player character
             ... on level 2 of the Dungeon.
             The game lasted 00:02:48 (1987 turns).

DogServant the Insei (Naga Transmuter)              Turns: 1987, Time: 00:02:50

Health: -8/31      AC:  2    Str: 12    XL:     3   Next: 52%
Magic:  5/6        EV: 10    Int: 13    God:
Gold:   38         SH:  0    Dex: 12    Spells: 5/6 levels left

rFire    . . .     SeeInvis +   h - +2 dagger (flame)
rCold    . . .     Gourm    .   (no shield)
rNeg     . . .     Faith    .   b - +0 robe
rPois    +         Spirit   .   (no helmet)
rElec    .         Reflect  .   (no cloak)
rCorr    .         Harm     .   (no gloves)
MR       .....                  (no barding)
Stlth    +.........             (no amulet)
HPRegen  0.10/turn              (no ring)
MPRegen  0.10/turn              (no ring)

@: appendage (expiring), very slow
A: large, horns 2, see invisible, deformed body, poison resistance, slowness 2,
slow metabolism 1, spit poison 1, AC +1
a: Spit Poison, End Transformation


You were on level 2 of the Dungeon.
You were not hungry.
You had grown temporary horns.
You visited 1 branch of the dungeon, and saw 2 of its levels.

You collected 38 gold pieces.

Inventory:

Hand Weapons
 h - a +2 dagger of flaming (weapon)
Missiles
 a - 12 arrows
Armour
 b - a +0 robe (worn)
Scrolls
 c - a scroll of identify
Potions
 g - a potion of curing
Comestibles
 d - a ration
 i - 5 chunks of flesh


   Skills:
 - Level 1.0 Fighting
 - Level 1.5 Dodging
 + Level 3.8 Unarmed Combat
 - Level 2.0 Spellcasting
 + Level 3.0 Transmutations


You had 5 spell levels left.
You knew the following spells:

 Your Spells              Type           Power        Failure   Level  Hunger
a - Beastly Appendage     Tmut           #.....       8%          1    ##.....

Your spell library contained the following spells:

 Spells                   Type           Power        Failure   Level  Hunger
 Sticks to Snakes         Tmut           #.......     11%         2    ###....
 Spider Form              Tmut/Pois      #.........   38%         3    ####...
 Ice Form                 Ice/Tmut       #.......     80%         4    #####..
 Blade Hands              Tmut           #.........   90%         5    ######.


Dungeon Overview and Level Annotations

Branches:
Dungeon (2/15)

Altars:

Annotations:
D:2 Terence


Innate Abilities, Weirdness & Mutations

You cannot wear boots.
Your serpentine skin is tough. (AC +1)
You have supernaturally acute eyesight. (SInv)
Armour fits poorly on your strangely shaped body.
Your system is resistant to poisons. (rPois)
You cover ground very slowly.
You have a slow metabolism.
You can spit poison.
You have a pair of horns on your head.


Message History

You have got your breath back.
Sigmund barely misses you.
The kobold shouts!
You hit Sigmund.
Flame seeps out of Sigmund.
You burn Sigmund.
Flame seeps out of Sigmund. x2; You headbutt Sigmund!
Sigmund is moderately wounded.
You completely miss Sigmund. Your headbutt misses Sigmund.
Sigmund is moderately wounded.
Your transformation is almost over.
Sigmund is engulfed in blazing flames.
Flame seeps out of Sigmund.
Sigmund smiles chillingly.
Sigmund closely misses you.
You hit Sigmund.
Flame seeps out of Sigmund.
You burn Sigmund.
Flame seeps out of Sigmund. x2; You headbutt Sigmund.
Sigmund is almost dead.
Sigmund is engulfed in blazing flames.
Sigmund explodes!
The fiery explosion engulfs you!!
Ouch! That really hurt!
You die...

############# #............
****############.###########
*,,,..........@.........# #
*,***#.####@#.#..######.# # *,*
*,* #°#@#..# #.# #
*,****,***#r#.#..######.# #
**,**,,,,,,.b......,.....# #
**,,,*,*,,,,.K..#...#**#..####
*,,,,,,,,,,..........**#<.....
*,,,,,,*,,....................
****,,,,,,*,,#...>......###...###
,,,,*,,,,,,,,,..!..,..,***##.##*#


You could see Terence, a bat, a kobold and a rat.

Vanquished Creatures
  An adder (D:2)
  3 dart slugs
  A ball python (D:1)
  4 bats
  2 goblins (D:1)
  3 hobgoblins (D:1)
  2 jackals (D:2)
  A frilled lizard (D:1)
  2 giant cockroaches (D:1)
  4 kobolds (D:1)
  2 rats (D:1)
25 creatures vanquished.

Notes
Turn   | Place    | Note
-------+----------+-------------------------------------------
     0 | D:1      | DogServant the Naga Transmuter began the quest for the Orb.
     0 | D:1      | Reached XP level 1. HP: 18/18 MP: 3/3
   385 | D:1      | Reached XP level 2. HP: 20/25 MP: 5/5
  1173 | D:1      | Reached XP level 3. HP: 24/31 MP: 6/6
  1895 | D:2      | Noticed Sigmund
  1898 | D:2      | Noticed Terence
  1987 | D:2      | Killed Sigmund
  1987 | D:2      | Killed from afar by Sigmund

Illustrated notes

Levels and vault maps discovered:
D:1:      ncdulo_watergridlock, layout_basic
D:2:      layout_loops_ring, uniq_terence, uniq_crazy_yiuf_cottage, uniq_sigmund

Skill      XL: |  1  2  3 |
---------------+----------+-----
Transmutations | 3 |  3.0
Fighting       | |  1.0
Dodging        | |  1.5
Unarmed Combat | |  3.8
Spellcasting   | |  2.0

Action                   || total
-------------------------++-------
Melee: Unarmed           ||    59
       Headbutt          ||     8
       Punch             ||     2
       Dagger            ||    23
 Cast: Beastly Appendage ||    11
 Abil: Spit Poison       ||    13
  Use: Scroll            ||     5
  Eat: Chunk             ||     3
Armor: Robe              ||    17
Dodge: Dodged            ||    54
